 Dungeon Crawl Stone Soup version 0.24.0-13-gcf9b319 (webtiles) character file.

Game seed: 78145476760293539, levelgen mode: deterministic

17554 Inchmeat the Cleaver (level 12, -4/106 HPs)
             Began as a Hill Orc Gladiator on Dec 12, 2019.
             Was an Elder of Ru.
             Slain by an orc warrior
             ... wielding a +0 halberd
              (18 damage)
             ... on level 1 of the Orcish Mines on Dec 16, 2019.
             The game lasted 00:21:59 (17410 turns).

Inchmeat the Cleaver (Hill Orc Gladiator)          Turns: 17410, Time: 00:22:00

Health: -4/106     AC: 23    Str: 22    XL:     12   Next: 49%
Magic:  12/12      EV: 11    Int:  8    God:    Ru [****..]
Gold:   671        SH:  0    Dex: 12    Spells: 11/11 levels left

rFire    . . .     SeeInvis .   C - +2 war axe (elec)
rCold    . . .     Gourm    .   (no shield)
rNeg     . . .     Faith    .   L - +0 plate armour
rPois    .         Spirit   .   c - +0 helmet
rElec    .         Reflect  .   (no cloak)
rCorr    .         Harm     .   F - +1 pair of gloves
MR       .....                  s - +2 pair of boots
Stlth    ..........             u - amulet of magic regeneration
HPRegen  0.27/turn              i - +3 ring of evasion
MPRegen  0.38/turn              (no ring)

@: about to teleport, lightly drained
A: no stealth, inability to use devices, magic vulnerability 1
a: Draw Out Power, Power Leap, Renounce Religion


You were on level 1 of the Orcish Mines.
You worshipped Ru.
Ru was greatly pleased with you.
You were not hungry.

You visited 3 branches of the dungeon, and saw 14 of its levels.

You collected 846 gold pieces.
You spent 175 gold pieces at shops.

Inventory:

Hand Weapons
 t - a +2 flail of crushing
 C - a +2 war axe of electrocution (weapon)
 I - a +4 scimitar of flaming
Missiles
 d - 4 throwing nets (quivered)
 v - 15 boomerangs
Armour
 c - a +0 helmet (worn)
 m - a +0 chain mail
 s - a +2 pair of boots (worn)
 w - +0 steam dragon scales
 F - a +1 pair of gloves (worn)
 L - a +0 plate armour (worn)
Jewellery
 i - a +3 ring of evasion (left hand)
 u - an amulet of magic regeneration (around neck)
 B - an uncursed ring of fire
Scrolls
 b - a scroll of fear
 j - 4 scrolls of remove curse {@r2}
 k - a scroll of amnesia
 p - 4 scrolls of teleportation
 r - 3 scrolls of immolation
 x - 4 scrolls of identify {@r1}
 y - a scroll of fog
 H - 3 scrolls of enchant weapon
 K - 3 scrolls of magic mapping
 M - a scroll of vulnerability
Potions
 e - 3 potions of resistance
 g - 2 potions of lignification
 h - 2 potions of might
 l - 2 potions of degeneration {!q}
 n - a potion of ambrosia
 o - 6 potions of curing {@q1}
 A - a potion of haste
 G - a potion of agility
Comestibles
 a - a chunk of flesh
 f - 17 rations


   Skills:
 + Level 10.3(10.0) Fighting
 - Level 14.9(15.6) Axes
 - Level 8.9(11.6) Maces & Flails
 - Level 1.7(1.5) Throwing
 * Level 12.5(12.2) Armour
 - Level 2.4(2.1) Dodging


You had 11 spell levels left.
You didn't know any spells.
Your spell library contained the following spells:

 Spells                   Type           Power        Failure   Level  Hunger
 Infusion                 Chrm           #...         99%         1    ##.....
 Shroud of Golubria       Chrm/Tloc      #.....       100%        2    ###....
 Song of Slaying          Chrm           #.......     100%        2    ###....
 Regeneration             Chrm/Necr      #.........   100%        3    ####...
 Spectral Weapon          Hex/Chrm       #.......     100%        3    ####...


Dungeon Overview and Level Annotations

Branches:
Dungeon (12/15)            Temple (1/1) D:4            Lair (0/6) D:9
    Orc (1/2) D:12

Altars:
Ashenzari
Cheibriados
Dithmenos
Elyvilon
Fedhas
Gozag
Hepliaklqana
Kikubaaqudgha
Makhleb
Nemelex Xobeh
Okawaru
Qazlal
Ru
Sif Muna
Trog
Uskayaw
Vehumet
Wu Jian
Xom
Yredelemnul
Zin
The Shining One
Beogh

Shops:
D:6 %(   D:8 [

Annotations:
D:6 2 transporters, mirrorencyclopedia's ghost, novice TrMo


Innate Abilities, Weirdness & Mutations

You cannot be stealthy.
You cannot study or use magical devices.
You are slightly vulnerable to magic. (MR-)


Message History

Tha orc warrior hits ye but does nay damage.
Ye hit tha orc warrior but do nay damage.
Tha orc warrior be moderately wounded.
Tha orc warrior barely misses ye.
Some o' tha chunks o' flesh in yer inventory haf rotted away.
Ye hit tha orc warrior.
Tha orc warrior be heavily wounded.
Tha orc warrior hits ye wit' a +0 short sword.
* * * LOW HITPOINT WARNIN'
* * * As ye read tha scroll o' teleportation, it crumbles ta dust.
Ye feel strangely unst'ble.
Tha orc warrior hits ye but does nay damage.
Tha orc warrior hits ye wit' a +0 short sword.
* * * LOW HITPOINT WARNIN'
* * * Ye barely miss tha orc warrior.
Tha orc warrior be heavily wounded.
Tha orc warrior hits ye wit' a +0 short sword!
* * * LOW HITPOINT WARNIN'
* * * Tha orc warrior hits ye from afar wit' a +0 halberd!!
Ye die...

.#o#....# ..#.##
.....## ....#.##
......)##
#.......######
#........#.#.##
#......†o.....#####
.............###@.##
..$$....)..o.##.o..#
...>.......o.###)o###
....#.......)o##.#..##
..##.....#.o..))).)..#
.# ##.#.###ooo##.#..##
# ##### ###########


You could see 2 orc warriors.

Vanquished Creatures
  Erica (D:10)
  A two-headed ogre (D:12)
  An orc high priest (Orc:1)
  2 orc knights (Orc:1)
  A cyclops (D:11)
  2 kobold demonologists (D:12)
  2 gargoyles
  A queen bee (D:9)
  6 trolls
  3 slime creatures (D:12)
  2 hippogriffs (D:7)
  4 yaks (D:9)
  A wraith (D:10)
  Eustachio (D:6)
  2 wyverns
  A steam dragon (D:8)
  2 wargs (Orc:1)
  Edmund (D:6)
  A soldier ant (D:11)
  5 porcupines (D:9)
  15 orc warriors
  A necrophage (D:8)
  2 black bears (D:6)
  A hornet zombie (D:8)
  5 ice beasts
  A sky beast (D:9)
  3 phantoms
  6 ogres
  8 centaurs
  3 crocodiles (D:9)
  4 big kobolds
  4 bullfrogs
  A gnoll sergeant (D:12)
  11 scorpions
  21 killer bees
  6 howler monkeys
  4 electric eels (D:12)
  3 crimson imps
  2 bullfrog zombies
  2 quasits
  A centaur zombie (D:11)
  A centaur skeleton (D:4)
  2 jellies
  8 orc priests
  4 hounds
  4 bullfrog skeletons
  3 iguanas
  Ijyb (D:5)
  9 worker ants
  12 orc wizards
  A killer bee zombie (D:8)
  A hound zombie (D:5)
  A worker ant zombie (D:9)
  2 howler monkey zombies
  15 gnolls
  11 adders
  4 shadow imps
  An ooze (D:1)
  An adder zombie (D:9)
  An adder skeleton (D:4)
  4 worms
  A dart slug (D:1)
  3 leopard geckos
  53 orcs
  A ball python (D:3)
  17 bats
  2 giant cockroaches
  9 hobgoblins
  2 jackals (D:8)
  22 kobolds
  3 quokkas
  4 frilled lizards
  6 goblins
  A leopard gecko skeleton (D:4)
  A quokka zombie (D:9)
  8 rats
  A fungus (D:8)
  2 plants (D:9)
366 creatures vanquished.

Vanquished Creatures (others)
  A vampire (D:11)
  A basilisk (D:9)
  2 orc warriors (Orc:1)
  An orc priest (Orc:1)
  2 orcs (Orc:1)
  A bush (D:9)
  A fungus (D:9)
  A plant (D:9)
10 creatures vanquished.

Grand Total: 376 creatures vanquished

Notes
Turn   | Place    | Note
-------+----------+-------------------------------------------
     0 | D:1      | Inchmeat the Hill Orc Gladiator began the quest for the
                  | Orb.
     0 | D:1      | Reached XP level 1. HP: 18/18 MP: 1/1
    12 | D:1      | Reached XP level 2. HP: 25/25 MP: 2/2
    40 | D:1      | Reached skill level 5 in Axes
   268 | D:1      | Reached XP level 3. HP: 30/30 MP: 3/3
   823 | D:2      | Found a faded altar of an unknown god.
   915 | D:2      | Reached skill level 6 in Axes
  1057 | D:2      | You fall into a shaft and drop 2 floors!
  1144 | D:5      | Entered Level 5 of the Dungeon
  1157 | D:5      | Reached XP level 4. HP: 9/37 MP: 4/4
  1164 | D:5      | Reached skill level 7 in Axes
  1164 | D:5      | Reached XP level 5. HP: 3/42 MP: 5/5
  1166 | D:5      | HP: 2/42 [poisoned by an adder]
  1577 | D:5      | Reached skill level 8 in Axes
  1828 | D:4      | Reached XP level 6. HP: 36/50 MP: 6/6
  1966 | D:4      | Found a staircase to the Ecumenical Temple.
  2001 | Temple   | Entered the Ecumenical Temple
  2196 | Temple   | Became a worshipper of Ru the Awakened
  2245 | D:4      | Reached skill level 9 in Axes
  2516 | D:4      | Reached skill level 10 in Axes
  2516 | D:4      | Reached XP level 7. HP: 35/56 MP: 7/7
  4397 | D:3      | Gained mutation: You cannot study or use magical devices.
                  | [Ru sacrifice]
  4397 | D:3      | Reached * piety under Ru
  4397 | D:3      | Reached ** piety under Ru
  5375 | D:5      | Reached skill level 11 in Axes
  5395 | D:5      | Found a glowing golden altar of the Shining One.
  5409 | D:5      | Reached skill level 1 in Maces & Flails
  5608 | D:5      | Noticed Ijyb
  5612 | D:5      | Paralysed by Ijyb for 6 turns
  5620 | D:5      | Killed Ijyb
  5737 | D:5      | Reached XP level 8. HP: 60/62 MP: 8/8
  6077 | D:5      | Found a glowing silver altar of Zin.
  6084 | D:5      | Reached skill level 5 in Maces & Flails
  6558 | D:6      | Noticed Eustachio
  6642 | D:6      | Killed Eustachio
  7011 | D:6      | Found Rojiusosk's Food Emporium.
  7298 | D:6      | Found a blossoming altar of Fedhas.
  7351 | D:6      | Found a shadowy altar of Dithmenos.
  7437 | D:6      | Noticed Edmund
  7458 | D:6      | Killed Edmund
  7461 | D:6      | Reached XP level 9. HP: 43/68 MP: 9/9
  7830 | D:6      | Found Uhankub's Antique Weapon Emporium.
  7835 | D:6      | Bought a runed war axe for 175 gold pieces
  7911 | D:6      | Noticed mirrorencyclopedia's ghost (novice TrMo)
  7912 | D:6      | Found a transporter.
  7912 | D:6      | Noticed a two-headed ogre
  7926 | D:6      | Found a transporter.
  8201 | D:7      | Found a burning altar of Makhleb.
  8232 | D:7      | Reached skill level 12 in Axes
  8233 | D:7      | Gained mutation: You are slightly vulnerable to magic.
                  | (MR-) [Ru sacrifice]
  8233 | D:7      | Reached *** piety under Ru
  8629 | D:7      | Reached skill level 13 in Axes
  9216 | D:8      | Found a snail-covered altar of Cheibriados.
  9335 | D:8      | Found Viarazug's Armour Shop.
  9424 | D:8      | Reached skill level 14 in Axes
  9577 | D:8      | Reached XP level 10. HP: 73/73 MP: 10/10
 10149 | D:8      | Reached skill level 1 in Armour
 10172 | D:8      | Found the +7 Singing Sword {slice, sonic wave}
 10716 | D:9      | Found a staircase to the Lair.
 10717 | D:9      | Gained mutation: You cannot be stealthy. [Ru sacrifice]
 10717 | D:9      | Reached **** piety under Ru
 10731 | D:9      | Reached skill level 5 in Armour
 10748 | D:9      | Reached skill level 5 in Fighting
 11100 | D:9      | Reached XP level 11. HP: 63/88 MP: 11/11
 12311 | D:10     | Entered Level 10 of the Dungeon
 12455 | D:10     | Noticed Erica
 12468 | D:10     | Killed Erica
 13687 | D:11     | Noticed a cyclops
 13696 | D:11     | Killed a cyclops
 14090 | D:12     | Noticed a two-headed ogre
 14100 | D:12     | Killed a two-headed ogre
 14363 | D:12     | Reached skill level 10 in Armour
 15665 | D:12     | Reached XP level 12. HP: 86/103 MP: 12/12
 16489 | D:12     | Found a staircase to the Orcish Mines.
 16519 | Orc:1    | Entered Level 1 of the Orcish Mines
 16699 | Orc:1    | Found a roughly hewn altar of Beogh.
 16700 | Orc:1    | Noticed an orc high priest
 16701 | Orc:1    | Paralysed by an orc sorcerer for 3 turns
 17144 | Orc:1    | Killed an orc high priest
 17263 | Orc:1    | Reached skill level 10 in Fighting
 17410 | Orc:1    | Slain by an orc warrior

Levels and vault maps discovered:
D:1:      minmay_arrival_radiant_lines, layout_basic, minmay_misc_feat_columns,
          st_stairs_1
D:2:      layout_basic, chequers_ecumenical_altar_simple, first_ration,
          minmay_domino_2
D:3:      layout_loops_corners
D:4:      layout_basic, minmay_temple_entry_overgrown, minivault_5
D:5:      layout_rooms, lemuel_coloured_pillars_altar, tso_metal_star,
          minmay_liquid_box, uniq_ijyb
D:6:      layout_loops_ring, kennysheep_little_box, serial_shops, shop,
          shop_statue, gammafunk_ghost_smash, fedhas_altar_3, uniq_edmund,
          uniq_eustachio
D:7:      layout_loops_corners, old_standard_altar
D:8:      old_forge, layout_basic, lemuel_round_altar, serial_shops,
          nicolae_shop_stone
D:9:      layout_basic, minmay_lair_entry_grove, david_nohive_1
D:10:     layout_basic, moated_statue, hangedman_decor_peaks_small, uniq_erica
D:11:     layout_irregular_city, minmay_misc_feat_more_columns,
          minmay_misc_feat_plants
D:12:     layout_stronghold, erik_orc_2
Temple:   minmay_crystal_spiral_temple
Orc:1:    layout_caves, serial_shops, nicolae_shop_waterfront, special_room
          [special_room_orc], basic_altar, uniq_maurice

Skill      XL: |  1  2  3  4  5  6  7  8  9 10 11 12 |
---------------+-------------------------------------+-----
Axes           | 5 6 7 8 10 11 14 | 14.9
Maces & Flails | 3 8 |  8.9
Armour         | 7 11 12 | 12.5
Fighting       | 5 9 10 | 10.3
Throwing       | |  1.7
Dodging        | |  2.4

Action                   |  1- 3 |  4- 6 |  7- 9 | 10-12 || total
-------------------------+-------+-------+-------+-------++-------
Melee: War axe           |   104 |    49 |   216 |   669 ||  1038
       Flail             |       |       |   210 |       ||   210
Throw: Throwing net      |       |     5 |     3 |     2 ||    10
       Boomerang         |       |       |     1 |       ||     1
Invok: Sacrifice Artific |       |       |     1 |       ||     1
       Sacrifice Essence |       |       |     1 |       ||     1
       Draw Out Power    |       |       |       |     2 ||     2
       Sacrifice Stealth |       |       |       |     1 ||     1
       Reject Sacrifices |       |       |       |     1 ||     1
  Use: Potion            |     1 |       |       |     4 ||     5
       Scroll            |       |       |    16 |     9 ||    25
 Stab: Held in net/web   |       |     2 |       |       ||     2
       Invisible         |       |       |     1 |     7 ||     8
       Distracted        |       |       |       |     2 ||     2
  Eat: Ration            |       |     1 |     4 |     3 ||     8
       Chunk             |       |     2 |     8 |    15 ||    25
Armor: Leather armour    |    22 |       |       |       ||    22
       Chain mail        |    28 |    22 |   189 |   126 ||   365
       Plate armour      |       |       |       |   106 ||   106
Dodge: Dodged            |    85 |    12 |   244 |   292 ||   633
